 Dungeon Crawl Stone Soup version 0.30-a0-1074-g5db6f66fbb (webtiles) character file.

Game seed: 1258301152317706826

52 NinjaNoafa the Shooter (level 3, -5/28 HPs)
             Began as a Barachi Hunter on Apr 13, 2023.
             Slain by Natasha (9 damage)
             ... on level 2 of the Dungeon.
             The game lasted 00:01:20 (1348 turns).

NinjaNoafa the Shooter (Barachi Hunter)             Turns: 1348, Time: 00:01:21

Health: -5/28      AC:  3    Str: 12    XL:     3   Next: 85%
Magic:  3/3        EV: 12    Int:  9    God:
Gold:   68         SH:  0    Dex: 17    Spells: 2/2 levels left

rFire   . . .      SeeInvis .    a - +0 shortbow
rCold   . . .      Faith    .    (shield currently unavailable)
rNeg    . . .      Spirit   .    c - +0 leather armour
rPois   +          Reflect  .    (no helmet)
rElec   .          Rampage  .    (no cloak)
rCorr   .                        (no gloves)
Will    .....                    (no boots)
Stlth   ++                       (no amulet)
HPRegen 0.24/turn                h - ring of poison resistance
MPRegen 0.08/turn                (no ring)

@: slowed, very slow
A: amphibious, slowness 1, strong legs 1, +LOS
a: Hop


You were on level 2 of the Dungeon.
You visited 1 branch of the dungeon, and saw 2 of its levels.

You collected 68 gold pieces.

Inventory:

Hand Weapons
 a - a +0 shortbow (weapon)
 b - a +2 dagger of venom
Missiles
 g - 12 poisoned darts
 j - 2 throwing nets
 m - 5 javelins
Armour
 c - a +0 leather armour (worn)
 n - a +0 pair of boots
Jewellery
 h - a ring of poison resistance (left hand)
 l - a ring of positive energy
Scrolls
 d - a scroll of immolation
 f - a scroll of poison {unknown}
 i - 2 scrolls of vulnerability {unknown}
 k - 3 scrolls of identify {unknown}
 p - a scroll of noise {unknown}
 r - a scroll of enchant weapon {unknown}
Potions
 e - a potion of degeneration {unknown}
 o - a potion of resistance {unknown}
 q - a potion of brilliance {unknown}


   Skills:
 - Level 2.4 Fighting
 + Level 5.4 Ranged Weapons
 - Level 2.1 Dodging
 - Level 0.8 Stealth


You had 2 spell levels left.
You didn't know any spells.
Your spell library contained the following spells:

 Spells                   Type           Power      Damage    Failure   Level
 Dazzling Flash           Conj/Hex       0%         N/A       83%         3
 Agony                    Necr           0%         N/A       100%        5
 Silence                  Hex/Air        0%         N/A       100%        5


Dungeon Overview and Level Annotations

Branches:
Dungeon (2/15)

Altars:

Annotations:
D:2 Natasha


Innate Abilities, Weirdness & Mutations

You are amphibious.
You cover ground slowly.
You can hop short distances.
You have an extended range of vision and can be seen from far away.


Message History

You hit Natasha.
Natasha is heavily wounded.
Natasha misses you.
You hit Natasha.
Natasha is severely wounded.
Natasha casts a spell at you.
You feel yourself slow down.
Your transformation is almost over.
Natasha stares at you and mumbles some strange words.
The magic dart hits you!
Unknown command.
Unknown command.
Natasha casts a spell at you. You resist with significant effort.
Natasha mumbles some strange words.
Natasha shimmers violently.
Natasha attacks as you move away! Natasha closely misses you.
Natasha attacks as you move away! Natasha claws you!
* * * LOW HITPOINT WARNING * * *
You feel less porcine.
Your +0 shortbow unmelds from your body.
Your +0 leather armour unmelds from your body.
Your ring of poison resistance unmelds from your body.
Natasha stares at you and mumbles some strange words.
The magic dart hits you.
* * * LOW HITPOINT WARNING * * *
Okay, then.
Fire: a) +0 shortbow
Press: ? - help, Q - select action, (/) - cycle Shift-Dir - straight line, f - Natasha
Aim: Natasha, carrying a wand of polymorph (4) (severely wounded, 56% to hit)
You shoot an arrow. The arrow hits Natasha.
Natasha is almost dead.
Natasha casts a spell at you. You resist with significant effort.
Unknown command.
Unknown command.
You shoot an arrow. The arrow hits Natasha.
Natasha is almost dead.
Natasha barely misses you. Natasha claws you!
You die...

.##.# .... # # ##..# ..
..##.##).# .# #.......#
.. #.)..##†##### ###.#
..# #.h...# ##... #.###.#
#..# # ...# #h####@# ##.
#.### #.#..h.# ... . ##..
#...#####..# .# ...
#####......#.##..#
........................
##.########.####.........
#....######......#..#####
..<..##......###...##
.....##.###.#....###


You could see Natasha.

Vanquished Creatures
  2 adders (D:2)
  4 ball pythons
  2 endoplasms (D:1)
  A giant cockroach (D:2)
  3 goblins
  4 hobgoblins
  6 kobolds
  A quokka (D:1)
  5 bats
  3 frilled lizards (D:2)
  2 rats
33 creatures vanquished.

Notes
Turn   | Place    | Note
-------+----------+-------------------------------------------
     0 | D:1      | NinjaNoafa the Barachi Hunter began the quest for the Orb.
     0 | D:1      | Reached XP level 1. HP: 17/17 MP: 1/1
    25 | D:1      | Found a faded altar of an unknown god.
   288 | D:1      | Reached XP level 2. HP: 23/23 MP: 2/2
  1206 | D:2      | Reached XP level 3. HP: 28/28 MP: 3/3
  1265 | D:2      | Reached skill level 5 in Ranged Weapons
  1321 | D:2      | Noticed Natasha
  1348 | D:2      | Slain by Natasha

Illustrated notes

Levels and vault maps discovered:
D:1:      minmay_arrival_nine_rooms, layout_basic,
          chequers_ecumenical_altar_simple, kennysheep_minor_cross
D:2:      layout_rooms, serial_shops, shop, uniq_natasha

Skill      XL: |  1  2  3 |
---------------+----------+-----
Ranged Weapons | 5 |  5.4
Fighting       | |  2.4
Dodging        | |  2.1
Stealth        | |  0.8

Action                     || total
---------------------------++-------
  Melee: Unarmed           ||     9
   Fire: Shortbow          ||    99
Ability: Hop               ||     2
 Armour: Leather armour    ||    19
  Dodge: Dodged            ||    47

Table legend: (Time is in decaauts)
 A = Elapsed time spent in this place.
 B = Non-inter-level travel time spent in this place.
 C = Inter-level travel time spent in this place.
 D = Time resting spent in this place.
 E = Time spent auto-exploring this place.
 F = Levels seen in this place.
 G = Mean time per level.
                   A        B        C        D        E       F      G
               +--------+--------+--------+--------+--------+-----+--------+
         Total |   1612 |   1571 |     41 |      0 |   1345 |   2 |  806.0 |
       Dungeon |   1612 |   1571 |     41 |      0 |   1345 |   2 |  806.0 |
               +--------+--------+--------+--------+--------+-----+--------+

Top non-repeatable levels by time:
     D:1: 1403 daAuts
     D:2: 209 daAuts
